 Dungeon Crawl Stone Soup version 0.20-a0-772-g73021bd (webtiles) character file.

856 polly the Cudgeler (level 8, -7/48 HPs)
             Began as a Gargoyle Fighter on Feb 26, 2017.
             Killed by divine providence
             ... invoked by an orc priest
              (11 damage)
             ... on level 4 of the Dungeon.
             The game lasted 00:04:36 (4071 turns).

polly the Cudgeler (Gargoyle Fighter)               Turns: 4071, Time: 00:04:37

Health: -7/48      AC: 12    Str: 20    XL:     8   Next: 2%
Magic:  8/8        EV:  8    Int: 12    God:
Gold:   154        SH: 10    Dex: 11    Spells: 7/7 levels left

rFire    + . .     SeeInvis .   d - +0 whip (flame)
rCold    . . .     Gourm    .   b - +0 scale mail
rNeg     + . .     Faith    .   c - +0 shield
rPois    ∞         Spirit   .   (no helmet)
rElec    +         Reflect  .   (no cloak)
rCorr    .         Harm     .   (no gloves)
MR       .....                  (no boots)
Stlth    ..........             (no amulet)
Regen    0.2/turn               h - +3 ring of intelligence
MPRegen  0.2/turn               e - ring of protection from fire

@: no status effects
A: negative energy resistance 1, electricity resistance, unbreathing,
petrification resistance, rot immunity, AC +5
a: no special abilities


You were on level 4 of the Dungeon.
You were not hungry.

You visited 1 branch of the dungeon, and saw 4 of its levels.

You collected 154 gold pieces.

Inventory:

Hand Weapons
 d - a +0 whip of flaming (weapon)
Armour
 b - a +0 scale mail (worn)
 c - a +0 shield (worn)
Jewellery
 e - a ring of protection from fire (left hand)
 h - a +3 ring of intelligence (right hand)
 r - an uncursed ring of protection from magic {unknown}
Wands
 s - a wand of disintegration (11/24)
Scrolls
 g - a scroll of noise {unknown}
 i - a scroll of remove curse {unknown}
 m - 2 scrolls of identify {unknown}
 o - a scroll of magic mapping {unknown}
 p - a scroll of immolation {unknown}
 q - a scroll of amnesia {unknown}
 t - a scroll of recharging {unknown}
 u - a scroll of teleportation {unknown}
Potions
 j - a potion of lignification
 l - a potion of curing {unknown}
 n - a potion of ambrosia {unknown}
Comestibles
 a - a meat ration
 f - 3 bread rations
 k - 5 fruits
 v - a chunk of flesh


   Skills:
 + Level 4.5 Fighting
 + Level 5.5 Maces & Flails
 + Level 5.0 Armour
 + Level 2.3 Dodging
 + Level 1.4 Stealth
 + Level 5.4 Shields


You had 7 spell levels left.
You didn't know any spells.

Dungeon Overview and Level Annotations

Branches:
Dungeon (4/15)
 Temple: D:4-7

Altars:

Shops:
D:4 !


Innate Abilities, Weirdness & Mutations

You are resistant to torment.
Your stone body is resilient. (AC +5)
You are immune to poison.
You resist negative energy. (rN+)
You are resistant to electric shocks. (rElec)
You can survive without breathing.
You are immune to petrification.
You are immune to rotting.


Message History

The orc priest hits you with a flail.
* * * LOW HITPOINT WARNING * * *
You closely miss the orc priest.
The orc priest is almost dead.
The orc hits you with a whip.
* * * LOW HITPOINT WARNING * * *
You block the orc's attack.
You barely miss the orc priest.
The orc priest is almost dead.
The orc priest hits you but does no damage.
You block the orc's attack. x2
You hit the orc priest but do no damage.
The orc priest is almost dead.
The orc priest closely misses you. The orc hits you but does no damage.
You closely miss the orc priest.
The orc priest is almost dead.
You block the orc's attack. The orc hits you but does no damage.
The orc priest mumbles some strange prayers to Beogh against you.
Beogh smites you!
You die...

#.# #.# #.# #.# #.# #.#
#.# #.# #.######## #.#
##.####.#.....!. #.#
#.#.......#
#.#######.####..>####..
#(.÷...∩..# #........#
#########.# ##..####.#
#.# #@)# #.....ooo#
#######.## #.. ###


You could see an orc priest and 2 orcs.

Vanquished Creatures
  Pikel (D:3)
  The ghost of The3ase the Chopper, an amateur MiBe of Trog (D:3)
  Jessica (D:3)
  Terence (D:2)
  Natasha (twice) (D:3)
  3 orc wizards
  6 adders
  A gnoll (D:1)
  An ooze (D:2)
  An adder skeleton (D:3)
  5 worms
  A dart slug (D:1)
  A leopard gecko (D:1)
  6 orcs
  6 giant cockroaches
  5 goblins
  8 hobgoblins
  7 kobolds
  A quokka (D:3)
  7 bats
  4 frilled lizards
  5 rats
74 creatures vanquished.

Notes
Turn   | Place    | Note
-------+----------+-------------------------------------------
     0 | D:1      | polly the Gargoyle Fighter began the quest for the Orb.
     0 | D:1      | Reached XP level 1. HP: 14/14 MP: 1/1
    34 | D:1      | Reached XP level 2. HP: 17/19 MP: 2/2
   215 | D:1      | Reached XP level 3. HP: 23/23 MP: 3/3
   895 | D:2      | Noticed Terence
   905 | D:2      | Killed Terence
   905 | D:2      | Reached XP level 4. HP: 28/28 MP: 4/4
  1741 | D:3      | Noticed Jessica
  1752 | D:3      | Killed Jessica
  1752 | D:3      | Reached XP level 5. HP: 33/33 MP: 5/5
  1837 | D:3      | Noticed Natasha
  1847 | D:3      | Killed Natasha
  1847 | D:3      | Reached skill level 1 in Dodging
  2229 | D:3      | Reached XP level 6. HP: 27/38 MP: 6/6
  2340 | D:3      | Noticed The3ase's ghost (amateur MiBe)
  3036 | D:3      | Noticed Natasha
  3061 | D:3      | Killed Natasha
  3489 | D:3      | Killed The3ase's ghost
  3764 | D:4      | Noticed a slave
  3766 | D:4      | Noticed Pikel
  3768 | D:4      | Noticed a slave
  3772 | D:4      | Noticed a slave
  3772 | D:4      | Paralysed by Pikel for 4 turns
  3790 | D:3      | Paralysed by Pikel for 2 turns
  3805 | D:3      | Paralysed by Pikel for 4 turns
  3820 | D:3      | Paralysed by Pikel for 3 turns
  3848 | D:3      | Killed Pikel
  3848 | D:3      | Reached skill level 5 in Maces & Flails
  3848 | D:3      | Reached skill level 5 in Armour
  3848 | D:3      | Reached skill level 1 in Stealth
  3848 | D:3      | Reached skill level 5 in Shields
  3848 | D:3      | Reached XP level 7. HP: 21/44 MP: 7/7
  4002 | D:4      | Found Began's Distillery.
  4045 | D:4      | Reached XP level 8. HP: 35/48 MP: 8/8
  4071 | D:4      | Killed from afar by an orc priest

Vault maps used:
D:1:      enne_arrival_octagon_isle, hangedman_decor_opposing
D:2:      minmay_pentomino_p4, uniq_terence
D:3:      cheibrodos_helix_gallery, first_bread, uniq_jessica, uniq_natasha
D:4:      serial_shops, shop, uniq_pikel, uniq_crazy_yiuf_cottage

Skill      XL: |  1  2  3  4  5  6 |
---------------+-------------------+-----
Maces & Flails | 3 4 5 |  5.5
Armour         | 4 5 |  5.0
Dodging        | 1 2 |  2.3
Shields        | 4 5 |  5.4
Fighting       | 4 |  4.5
Stealth        | 1 |  1.4

Action                   |  1- 3 |  4- 6 |  7- 9 || total
-------------------------+-------+-------+-------++-------
Melee: Flail             |    92 |   294 |       ||   386
       Whip              |       |       |    49 ||    49
  Use: Potion            |       |     2 |       ||     2
  Eat: Chunk             |       |     9 |     2 ||    11
Armor: Scale mail        |    48 |   140 |    29 ||   217
       Skin              |       |     9 |       ||     9
Dodge: Dodged            |    34 |   106 |    31 ||   171
Block: Shield            |    38 |   138 |    32 ||   208
